 Dungeon Crawl Stone Soup version 0.30-a0-996-ga6910c8ee8 (webtiles) character file.

Game seed: 1627480158329008052

21 ytrimaz the Ruffian (level 2, -1/26 HPs)
             Began as a Troll Transmuter on Apr 5, 2023.
             Slain by Sigmund
             ... wielding a +3 scythe of venom
              (6 damage)
             ... on level 2 of the Dungeon.
             The game lasted 00:00:45 (740 turns).

ytrimaz the Ruffian (Troll Transmuter)               Turns: 740, Time: 00:00:46

Health: -1/26      AC:  4    Str: 17    XL:     2   Next: 65%
Magic:  2/2        EV:  9    Int:  9    God:
Gold:   23         SH:  0    Dex: 10    Spells: 2/3 levels left

rFire   . . .      SeeInvis .      - Unarmed
rCold   . . .      Faith    .    (no shield)
rNeg    . . .      Spirit   .    a - +0 robe
rPois   .          Reflect  .    (helmet restricted)
rElec   .          Rampage  .    (no cloak)
rCorr   .                        (gloves unavailable)
Will    .....                    (boots unavailable)
Stlth   +                        (no amulet)
HPRegen 1.04/turn                (no ring)
MPRegen 0.08/turn                (no ring)

@: confused, lethally poisoned (-1 -> -2)
A: large, unfitting armour, claws 3, regeneration 1, shaggy fur 1, tough skin 1
a: no special abilities


You were on level 2 of the Dungeon.
You visited 1 branch of the dungeon, and saw 2 of its levels.

You collected 23 gold pieces.


Innate Abilities, Weirdness & Mutations

You are too large for most types of armour.
You have claws for hands.
Your natural rate of healing is unusually fast.
You are covered in fur. (AC +1)
You have tough skin. (AC +1)


   Skills:
 - Level 0.7 Fighting
 - Level 1.5 Dodging
 - Level 4.0 Unarmed Combat
 - Level 1.2 Spellcasting
 + Level 1.3 Transmutations


You had 2 spell levels left.
You knew the following spells:

 Your Spells              Type           Power      Damage    Failure   Level
a - Beastly Appendage     Tmut           6%         N/A       21%         1

Your spell library contained the following spells:

 Spells                   Type           Power      Damage    Failure   Level
 Wereblood                Tmut           3%         N/A       30%         2
 Spider Form              Tmut/Pois      1%         N/A       63%         3
 Ice Form                 Ice/Tmut       1%         N/A       95%         4
 Passage of Golubria      Tloc           0%         N/A       98%         4
 Silence                  Hex/Air        0%         N/A       100%        5
 Lehudib's Crystal Spear  Conj/Erth      0%         10d2      100%        8

Inventory:

Armour
 a - a +0 robe (worn)
Scrolls
 c - a scroll of poison {unknown}
 d - a scroll of amnesia {unknown}
 e - a scroll of identify {unknown}
Potions
 b - a potion of lignification
 f - a potion of heal wounds {unknown}
 g - a potion of curing {unknown}
 h - a potion of attraction {unknown}
 i - a potion of brilliance {unknown}

Dungeon Overview and Level Annotations

Branches:
Dungeon (2/15) Zot: 11262

Altars:

Annotations:
D:2 Sigmund

## .# ## .. ..
.##### #. .....
#.##..#####.:#####
#....K{@.....<....
##########.#...##
#....# #.#...#
#.##.###....#
#.##...#...##
#.####.#.###
#.#<..(#.#
#.######.#
#........#


You could see a kobold.


Message History

A goblin is nearby!
The goblin hits you with a +0 dagger. 😕 HP[-3]
You take 3 damage, and now have 23/26 hp.
Unknown command.
You completely miss the goblin. The goblin barely misses you. 😕 HP[+1]
You closely miss the goblin. The goblin barely misses you. 😕 HP[+1]
You claw the goblin!
You kill the goblin! 😎 HP[+1]
Your hp is fully restored (26).
Unknown command.
No target in view!
Things that are here:
a +0 dagger; a goblin corpse Unknown command.
Key pressed, stopping explore.
Key pressed, stopping explore.
You see here a frilled lizard skeleton.
Key pressed, stopping explore.
Key pressed, stopping explore.
There is an open door here.
Key pressed, stopping explore.
A worm comes into view.
A worm is nearby!
A worm is nearby!
You barely miss the worm. The worm closely misses you.
You claw the worm!
Unknown command.
You scratch the worm.
You kill the worm!
Your Unarmed Combat skill increases to level 4!
No target in view!
You see here a worm corpse.
Unknown command.
No target in view!
You see here a worm corpse.
Done exploring.
Done exploring.
Done exploring.
Done exploring.
Done exploring.
There is an open door here.
There is a stone staircase leading down here.
You climb downwards.
There is a stone staircase leading up here.
You see here 2 poisoned darts.
Key pressed, stopping explore.
h - a grey potion
i - a sapphire potion
Found a stone staircase leading up.
Sigmund the Dreaded comes into view.
He is wielding a +3 scythe of venom and wearing a +2 robe of willpower.
Sigmund shouts!
Okay, then.
Sigmund hits you from afar with a +3 scythe of venom. 😕 HP[-2]
You take 2 damage, and now have 24/26 hp. 😕 HP[+1] Unknown command.
You claw Sigmund!
Sigmund points at you and mumbles some strange words.
The magic dart hits you! 😮 HP[-6]
You take 6 damage, and now have 19/26 hp.
MASSIVE DAMAGE!! (PAUSE)
You barely miss Sigmund.
Sigmund hits you with a +3 scythe of venom.
You are poisoned. 😮 HP[-5]
You take 5 damage, and now have 14/26 hp.
You claw Sigmund!
You feel very sick.
You hear a shout!
A kobold comes into view.
It is wielding a +0 short sword. 😨 HP[-3]
You take 3 damage, and now have 11/26 hp.
You claw Sigmund!
You feel very sick. Sigmund gestures at you while chanting.
You are confused. 😨 HP[-2]
You take 2 damage, and now have 9/26 hp.
You bump into the rock wall.
You feel very sick.
Sigmund mumbles some strange words.
Sigmund flickers and vanishes!
Deactivating autopickup; reactivate with Ctrl-A. 😨 HP[-2]
You take 2 damage, and now have 7/26 hp.
Unknown command.
You completely miss something.
You feel sick. Something hits you.
* * * LOW HITPOINT WARNING * * *
😱 HP[-2]
You take 2 damage, and now have 5/26 hp.
You bump into the rock wall.
You feel sick.
Unknown command.
You barely miss something.
You feel sick. Something hits you.
You die...

Skill      XL: |  1  2 |
---------------+-------+-----
Unarmed Combat | 4 |  4.0
Fighting       | |  0.7
Dodging        | |  1.5
Spellcasting   | |  1.2
Transmutations | |  1.3

Action                     || total
---------------------------++-------
  Melee: Unarmed           ||    46
 Armour: Robe              ||    14
  Dodge: Dodged            ||    18

Levels and vault maps discovered:
D:1:      onia_arrival_mini_maze_b, layout_rooms, basic_ecumenical_altar
D:2:      layout_basic, uniq_sigmund

Notes
Turn   | Place    | Note
-------+----------+-------------------------------------------
     0 | D:1      | ytrimaz the Troll Transmuter began the quest for the Orb.
     0 | D:1      | Reached XP level 1. HP: 18/18 MP: 1/1
     0 | D:1      | magus.rc [v1.9.6]
    16 | D:1      | You pick up a book of the Moon and begin reading...
    16 | D:1      | You add the spells Passage of Golubria, Silence and
                  | Lehudib's Crystal Spear to your library.
   125 | D:1      | Found a faded altar of an unknown god.
   258 | D:1      | Reached XP level 2. HP: 26/26 MP: 2/2
   607 | D:1      | Reached skill level 4 in Unarmed Combat
   729 | D:2      | Noticed Sigmund
   738 | D:2      | HP: 6/26 [poisoned by Sigmund]
   740 | D:2      | Slain by Sigmund

Vanquished Creatures
  A worm (D:1)
  A dart slug (D:1)
  3 ball pythons (D:1)
  2 endoplasms (D:1)
  2 goblins (D:1)
  A hobgoblin (D:1)
  2 bats (D:1)
  2 frilled lizards (D:1)
  2 kobolds (D:1)
  A rat (D:1)
17 creatures vanquished.

Table legend:
 A = Non-vault XP
 B = Vault XP
 C = Vault XP percentage of total XP
 D = Non-vault monster count
 E = Vault monster count
 F = Vault count percentage of total count
                 A         B        C        D         E       F
            +---------+---------+-------+---------+---------+-------
      Total |      26 |       5 |  16.1 |      16 |       1 |   5.9
            +---------+---------+-------+---------+---------+-------
        D:1 |      26 |       5 |  16.1 |      16 |       1 |   5.9
            +---------+---------+-------+---------+---------+-------

Illustrated notes

Table legend:
 A = Kills in this place as a percentage of kills in the entire game.
 B = Kills by you in this place as a percentage of kills by you in the entire game.
 C = Kills by friends in this place as a percentage of kills by friends in the entire game.
 D = Other kills in this place as a percentage of other kills in the entire game.
 E = Experience gained in this place as a percentage of experience gained in the entire game.
 F = Experience gained in this place divided by the number of levels of this place that you have seen.
                   A       B       C       D       E      F
               +-------+-------+-------+-------+-------+----------------------
         Total | 100.0 | 100.0 |   N/A |   N/A | 100.0 |  15.5
       Dungeon | 100.0 | 100.0 |   N/A |   N/A | 100.0 |  15.5
               +-------+-------+-------+-------+-------+----------------------

Table legend: (Time is in decaauts)
 A = Elapsed time spent in this place.
 B = Non-inter-level travel time spent in this place.
 C = Inter-level travel time spent in this place.
 D = Time resting spent in this place.
 E = Time spent auto-exploring this place.
 F = Levels seen in this place.
 G = Mean time per level.
                   A        B        C        D        E       F      G
               +--------+--------+--------+--------+--------+-----+--------+
         Total |    736 |    688 |     48 |      0 |    558 |   2 |  368.0 |
       Dungeon |    736 |    688 |     48 |      0 |    558 |   2 |  368.0 |
               +--------+--------+--------+--------+--------+-----+--------+

Top non-repeatable levels by time:
     D:1: 676 daAuts
     D:2: 60 daAuts
